[Event "Team 45 45 League T39"]
[Site "Internet Chess Club"]
[Date "2008.11.09"]
[Round "3"]
[White "Paulkov"]
[Black "mugurelt"]
[Result "1/2-1/2"]
[WhiteElo "1879"]
[BlackElo "1683"]
[Opening "Pirc: classical, h3 system"]
[ECO "B06"]
[Time "21:00:15"]
[TimeControl "2700+45"]

1. e4 g6 2. d4 Bg7 3. Nf3 d6 4. h3 Nf6 5. Nc3 O-O 6. Bd3 c6 7. a4 Nbd7 8. O-O e5
9. Be3 b6 10. Re1 exd4 11. Nxd4 Ne5 12. Qd2 c5 13. Ndb5 a6 14. Na3 d5 15. Bg5 h6
16. Bxf6 Qxf6 17. Nxd5 Qh4 18. Qf4 Qxf4 19. Nxf4 g5 20. Nd5 Nxd3 21. cxd3 Bxb2
22. Ra2 Bg7 23. Nxb6 Rb8 24. Nac4 Bd4 25. Nxc8 Rfxc8 26. Nd6 Rd8 27. Nf5 Rb3 28.
Nxd4 Rxd4 29. Rc1 Rbxd3 30. Rxc5 Rxe4 31. Rc6 Re6 32. Rxe6 fxe6 33. Kf1 Rd4 34.
Ke2 Kf7 35. Ke3 Rb4 36. f3 Kf6 37. Kd3 a5 38. Ke2 Kf5 39. Kf2 h5 40. g3 Rc4 41.
Rb2 Rxa4 42. Rb8 Ra2+ 43. Ke3 Ra3+ 44. Ke2 Ra2+ 45. Kd3 Ra3+ 46. Ke2 Ra2+ 47.
Ke3 Ra3+ 48. Kf2 Ra2+ {Game drawn by mutual agreement} 1/2-1/2

[Event "Team 45 45 League T39"]
[Site "Internet Chess Club"]
[Date "2008.11.07"]
[Round "3"]
[White "wonderboy"]
[Black "Intelectual"]
[Result "1/2-1/2"]
[WhiteElo "1926"]
[BlackElo "1897"]
[Opening "French: Tarrasch, closed variation"]
[ECO "C05"]
[Time "08:04:31"]
[TimeControl "2700+45"]

1. e4 e6 2. d4 d5 3. Nd2 Nf6 4. e5 Nfd7 5. f4 c5 6. c3 Nc6 7. Ndf3 cxd4 8. cxd4
Bb4+ 9. Kf2 O-O 10. a3 Be7 11. Bd3 f6 12. Kg3 fxe5 13. fxe5 Nxd4 14. Nxd4 Nxe5
15. Ndf3 Qd6 16. Kf2 Nxd3+ 17. Qxd3 e5 18. Bd2 e4 19. Qd4 exf3 20. Nxf3 Bf6 21.
Qb4 Qxb4 22. Bxb4 Re8 23. Rad1 Be6 24. Bc3 Bxc3 25. bxc3 Rac8 26. Rd3 Kf8 27.
Rhd1 Bf7 28. Ng5 Bh5 29. Rb1 h6 30. Nh3 Bg6 31. Rf3+ Kg8 32. Rxb7 Bh5 33. Rd3
Re2+ 34. Kg1 Rf8 35. Rd1 {Game drawn by mutual agreement} 1/2-1/2

[Event "Team 45 45 League T39"]
[Site "Internet Chess Club"]
[Date "2008.11.08"]
[Round "3"]
[White "fredd"]
[Black "Just-Jim"]
[Result "1/2-1/2"]
[WhiteElo "1458"]
[BlackElo "1427"]
[Opening "QGD Slav: 3.Nf3"]
[ECO "D11"]
[Time "11:29:44"]
[TimeControl "2700+45"]

1. d4 d5 2. c4 c6 3. Nf3 Bf5 4. Nc3 e6 5. Bd2 Bb4 6. cxd5 Bxc3 7. Bxc3 cxd5 8.
e3 Nf6 9. Ne5 O-O 10. Bd3 Bxd3 11. Qxd3 Nbd7 12. O-O Nxe5 13. dxe5 Ne4 14. Bd4
b6 15. Rac1 Rc8 16. f3 Nc5 17. Qa3 Qd7 18. Bxc5 bxc5 19. Rxc5 Rxc5 20. Qxc5 Rc8
21. Qa3 Qc7 22. f4 Qc5 23. Qxc5 Rxc5 24. Rb1 g6 25. g3 Kg7 26. h4 f6 27. exf6+
Kxf6 28. g4 Rc2 29. a4 Re2 30. b4 Rxe3 31. Kg2 d4 32. a5 Re2+ 33. Kf3 d3 34. b5
Ra2 35. b6 axb6 36. axb6 Ra8 37. Ke3 h5 38. gxh5 gxh5 39. Kxd3 Kf5 40. Kd4 Kxf4
41. Kc5 e5 42. Rb4+ e4 43. Kc6 Rh8 44. b7 Kf3 45. Rb5 e3 46. Rxh5 Rf8 47. Rf5+
Rxf5 48. b8=Q e2 49. Qb3+ Kf2 50. Qb2 Rf3 51. h5 Kf1 52. Qb5 Kf2 53. Qc5+ Kf1
54. Qc4 Kf2 55. Qh4+ Kf1 56. Qh1+ Kf2 {Game drawn by mutual agreement} 1/2-1/2

[Event "Team 45 45 League T39"]
[Site "Internet Chess Club"]
[Date "2008.11.09"]
[Round "3"]
[White "forsyth"]
[Black "AtomicDog"]
[Result "1/2-1/2"]
[WhiteElo "1394"]
[BlackElo "1582"]
[Opening "Sicilian: Alapin's variation (2.c3)"]
[ECO "B22"]
[Time "13:00:12"]
[TimeControl "2700+45"]

1. e4 c5 2. c3 d5 3. exd5 Qxd5 4. d4 Nf6 5. dxc5 Qxd1+ 6. Kxd1 Nc6 7. Be2 Bf5 8.
Nd2 Rd8 9. Nf3 e5 10. b4 Ne4 11. Ke1 Nxc3 12. Bb2 Nxe2 13. Kxe2 f6 14. a3 Be7
15. Rhd1 O-O 16. Kf1 Bd3+ 17. Kg1 e4 18. b5 Be2 19. bxc6 exf3 20. cxb7 Bxd1 21.
c6 Bd6 22. Rc1 Bc7 23. Nxf3 Bxf3 24. gxf3 Rd3 25. Kg2 Rfd8 26. Re1 Kf7 27. a4
R8d6 28. Rc1 Rb3 29. Ba1 Rdd3 30. Rc5 Rxf3 31. Rd5 Rfd3 32. Bd4 Ra3 33. Rd7+ Ke8
34. Rxc7 Rxd4 35. Rc8+ Kf7 36. b8=Q Rg4+ 37. Kf1 Ra1+ 38. Ke2 Ra2+ 39. Kf3 Raxa4
40. Qb3+ Kg6 41. Qd3+ Kh6 42. Qe3+ g5 43. Ra8 Rgf4+ 44. Ke2 Ra2+ 45. Kf1 Ra1+
46. Kg2 Rg4+ 47. Kf3 Rf4+ 48. Ke2 Ra2+ 49. Kf1 Ra1+ 50. Ke2 Ra2+ {Game drawn by
repetition} 1/2-1/2

[Event "Team 45 45 League T39"]
[Site "Internet Chess Club"]
[Date "2008.11.08"]
[Round "3"]
[White "conron"]
[Black "Conjurer"]
[Result "1-0"]
[WhiteElo "1352"]
[BlackElo "1306"]
[Opening "Sicilian: Grand Prix attack"]
[ECO "B21"]
[Time "12:10:40"]
[TimeControl "2700+45"]

1. e4 c5 2. f4 Nc6 3. Nf3 g6 4. Nc3 Bg7 5. Bc4 e6 6. O-O Nge7 7. d3 a6 8. a3 O-O
9. Qe1 Nd4 10. Nxd4 cxd4 11. Ne2 Nc6 12. f5 Kh8 13. fxg6 fxg6 14. Rxf8+ Qxf8 15.
Bg5 b5 16. Bb3 Bb7 17. Qg3 Qc5 18. Rf1 Ne5 19. Bf6 Rf8 20. Bxg7+ Kxg7 21. Rxf8
Kxf8 22. Qf2+ Kg7 23. Qxd4 Qxd4+ 24. Nxd4 Ng4 25. a4 e5 26. Nf3 d6 27. axb5 axb5
28. Bd5 Bxd5 29. exd5 Ne3 30. c4 bxc4 31. dxc4 Nxc4 32. b4 Ne3 33. b5 Nxd5 34.
Kf2 Kf6 35. g4 g5 36. Nd2 Nb6 37. Ke3 d5 38. Kd3 Ke6 39. Nf3 h6 40. Kc3 e4 41.
Nd4+ Ke5 42. Nf5 Nc4 43. Nxh6 e3 44. Nf7+ Kf4 45. Kd3 Kf3 46. Nxg5+ Kf2 47. Nh3+
Kf1 48. Nf4 Kf2 49. g5 Ne5+ 50. Kc3 Kf3 51. b6 Kxf4 52. b7 Nc6 53. g6 e2 54. Kd2
Kf3 55. Ke1 d4 56. g7 d3 57. g8=Q Nd4 58. Qd5+ Ke3 59. Qe5+ Kf3 60. Qxd4 {Black
resigns} 1-0

[Event "Team 45 45 League T39"]
[Site "Internet Chess Club"]
[Date "2008.11.09"]
[Round "3"]
[White "Traho"]
[Black "t-hobbes"]
[Result "0-1"]
[WhiteElo "1257"]
[BlackElo "1320"]
[Opening "Réti opening"]
[ECO "A04"]
[Time "20:59:31"]
[TimeControl "2700+45"]

1. Nf3 Nc6 2. g4 e5 3. d3 d5 4. h3 Bc5 5. e4 dxe4 6. dxe4 Qxd1+ 7. Kxd1 Bxf2 8.
Rh2 Bc5 9. Nc3 Be6 10. Bb5 Ne7 11. Nxe5 O-O 12. Nxc6 Nxc6 13. Bxc6 bxc6 14. Na4
Rad8+ 15. Ke1 Bd6 16. Rg2 Bc4 17. b3 Ba6 18. c4 Rfe8 19. Re2 Bb4+ 20. Kf1 Rd1+
21. Kg2 Bb7 22. Nb2 Rd4 23. Bf4 c5 24. Rd1 Bxe4+ 25. Kg3 Bc3 26. Nd3 Kf8 27. Nf2
Rxd1 28. Nxd1 Ba5 29. Nf2 Bc6 30. Rxe8+ Bxe8 31. Nd3 Bb6 32. Be3 a5 33. Bxc5+
Bxc5 34. Nxc5 Bc6 35. Na6 a4 36. b4 Be4 37. Nxc7 Ke7 38. a3 Bd3 39. c5 Kd7 40.
Nd5 Kc6 41. Nc3 Bc2 42. Ne2 Be4 43. Nf4 Kb5 44. Nh5 g6 45. Nf6 Bc6 46. Kf4 Kc4
47. Ke3 Kb3 48. Kd2 Kxa3 49. Kc2 Kxb4 50. Kb2 a3+ 51. Ka2 Bb5 52. Nxh7 Bc4+ 53.
Ka1 Kxc5 54. Nf6 Kd4 55. g5 Ke3 56. h4 Kf4 57. Nd7 Kg4 58. Ne5+ Kxh4 59. Nxf7
Bxf7 {White resigns} 0-1

[Event "Team 45 45 League T39"]
[Site "Internet Chess Club"]
[Date "2008.11.09"]
[Round "3"]
[White "vaknight"]
[Black "scottrugby"]
[Result "1-0"]
[WhiteElo "1611"]
[BlackElo "1520"]
[Opening "Sicilian: Hungarian variation"]
[ECO "B27"]
[Time "21:02:21"]
[TimeControl "2700+45"]

1. e4 c5 2. Nf3 g6 3. Bc4 Bg7 4. c3 Nc6 5. d3 Nf6 6. O-O O-O 7. h3 d6 8. Be3 a6
9. Bb3 Na5 10. Bc2 Be6 11. Qd2 c4 12. d4 b5 13. Ng5 Bc8 14. f4 Bb7 15. d5 h6 16.
Nf3 e6 17. Qf2 Nd7 18. dxe6 fxe6 19. Nd4 Qe7 20. Qg3 Qe8 21. f5 exf5 22. exf5 g5
23. Ne6 Rf6 24. Nc7 Qe7 25. Nxa8 Bxa8 26. Nd2 Nc6 27. Ne4 Rf8 28. Qxd6 Re8 29.
Rae1 Nd8 30. Qxe7 Rxe7 31. f6 {Black resigns} 1-0

[Event "Team 45 45 League T39"]
[Site "Internet Chess Club"]
[Date "2008.11.07"]
[Round "3"]
[White "LIVVI"]
[Black "SeniorCitizen"]
[Result "1-0"]
[WhiteElo "1446"]
[BlackElo "1363"]
[Opening "Réti: Nimzovich-Larsen attack"]
[ECO "A06"]
[Time "17:01:48"]
[TimeControl "2700+45"]

1. Nf3 d5 2. b3 Nc6 3. Bb2 e6 4. e3 Nf6 5. Bb5 Bd7 6. Bxc6 Bxc6 7. d4 Bd6 8.
Nbd2 O-O 9. O-O b6 10. Ne5 Bxe5 11. dxe5 Nd7 12. Nf3 Bb7 13. Qd4 f5 14. Qf4 Qe7
15. Qg5 Qxg5 16. Nxg5 Rfe8 17. Rfd1 h6 18. Nf3 c5 19. Ne1 Rac8 20. f4 Kf7 21.
Rd2 g5 22. Rad1 Rg8 23. c4 g4 24. cxd5 Bxd5 25. Nd3 a5 26. Ba3 Nb8 27. Nb2 b5
28. Nd3 b4 29. Bb2 c4 30. bxc4 Rxc4 31. Bd4 Rgc8 32. Nc5 Nc6 33. Nb7 a4 34. Nd6+
{Black resigns} 1-0

[Event "Team 45 45 League T39"]
[Site "Internet Chess Club"]
[Date "2008.11.09"]
[Round "3"]
[White "gaboonzoom"]
[Black "rd00d"]
[Result "1-0"]
[WhiteElo "1486"]
[BlackElo "1267"]
[Opening "Sicilian: closed"]
[ECO "B23"]
[Time "12:09:18"]
[TimeControl "2700+45"]

1. e4 c5 2. Nc3 d6 3. f4 Nf6 4. Bc4 e6 5. d3 a6 6. a3 b5 7. Ba2 Nbd7 8. Nf3 Be7
9. O-O O-O 10. Qe1 e5 11. f5 Bb7 12. Qg3 Nh5 13. Qh3 Nf4 14. Qg3 Nf6 15. h4 b4
16. Bxf4 exf4 17. Qxf4 bxc3 18. bxc3 Kh8 19. g4 Nd7 20. Ng5 Bxg5 21. hxg5 Qa5
22. Qd2 Ne5 23. Qe2 Qxc3 24. Kg2 Rab8 25. Rh1 Qd4 26. Kg3 d5 27. Rae1 dxe4 28.
Qh2 h6 29. f6 Rg8 30. fxg7+ Rxg7 31. Qxh6+ Rh7 32. Qxh7# {Black checkmated} 1-0

[Event "Team 45 45 League T39"]
[Site "Internet Chess Club"]
[Date "2008.11.09"]
[Round "3"]
[White "theartist"]
[Black "chips"]
[Result "0-1"]
[WhiteElo "1221"]
[BlackElo "1179"]
[Opening "King's Indian: Averbakh system"]
[ECO "E73"]
[Time "12:31:27"]
[TimeControl "2700+45"]

1. d4 Nf6 2. c4 g6 3. Nc3 Bg7 4. e4 d6 5. Be2 O-O 6. Bg5 e5 7. d5 Nbd7 8. Nf3
Nc5 9. O-O Qd7 10. Nd2 Ng4 11. h3 Nf6 12. b4 Na6 13. a3 b6 14. Nb3 Bb7 15. b5
Nb8 16. Qd2 Qd8 17. Bh6 Nbd7 18. Bxg7 Kxg7 19. Qc2 Rh8 20. Na4 a5 21. Nc3 Ra7
22. a4 Ne8 23. Bd3 Qh4 24. Ne2 Nef6 25. f3 Nh5 26. Kh1 Ng3+ 27. Nxg3 Qxg3 28.
Qf2 Qxf2 29. Rxf2 Nf6 30. g4 Bc8 31. f4 Nd7 32. h4 Nf6 33. g5 Ng4 34. Rf3 h6 35.
Kg2 Bd7 36. Be2 h5 37. f5 Raa8 38. Rg3 gxf5 39. exf5 Bxf5 40. Rf1 Kg6 41. Rgf3
Be4 42. Kg3 Bxf3 43. Rxf3 Raf8 44. Rf1 f5 45. Bd3 e4 46. Be2 Ne3 47. Rc1 Rf7 48.
Kf4 Ng2+ 49. Kg3 f4+ 50. Kh3 Ne3 51. Nd2 Rhf8 52. Nxe4 f3 53. Bd3 Kg7 54. Ng3
Kh8 55. Nxh5 f2 56. Ng3 Rf3 57. Be2 R3f4 58. Nf1 Nxf1 59. Bxf1 Kg7 60. Kg3 Rf3+
61. Kg4 Ra3 62. h5 Rxa4 63. Kg3 Ra3+ 64. Kg2 Raf3 65. Ra1 R3f5 66. h6+ Kf7 67.
Ra2 Ke7 68. Bd3 Rxg5+ 69. Kf1 Rg1+ {White resigns} 0-1

[Event "Team 45 45 League T39"]
[Site "Internet Chess Club"]
[Date "2008.11.07"]
[Round "3"]
[White "AlPearson"]
[Black "ErycC"]
[Result "1-0"]
[WhiteElo "1475"]
[BlackElo "1505"]
[Opening "English opening"]
[ECO "A16"]
[Time "10:04:08"]
[TimeControl "2700+45"]

1. c4 Nf6 2. Nc3 Nc6 3. Nf3 d5 4. cxd5 Nxd5 5. g3 Nxc3 6. bxc3 e5 7. d3 e4 8.
dxe4 Qxd1+ 9. Kxd1 Bg4 10. h3 O-O-O+ 11. Kc2 Bh5 12. Be3 Bg6 13. Nd2 f5 14. Bg2
fxe4 15. Bxe4 Bxe4+ 16. Nxe4 Ba3 17. Bc5 Bxc5 18. Nxc5 Rhe8 19. Rhe1 Re5 20. Nd3
Red5 21. Rad1 Ra5 22. Kb3 Rad5 23. Rd2 Ne5 24. Red1 b5 25. Kc2 Nc4 26. e4 R5d7
27. Re2 {Black resigns} 1-0

[Event "Team 45 45 League T39"]
[Site "Internet Chess Club"]
[Date "2008.11.09"]
[Round "3"]
[White "Zyme"]
[Black "wekabird"]
[Result "1-0"]
[WhiteElo "1469"]
[BlackElo "1170"]
[Opening "QGD: Orthodox defense, Rubinstein attack (with Rc1)"]
[ECO "D64"]
[Time "21:00:12"]
[TimeControl "2700+45"]

1. d4 d5 2. c4 c6 3. Nf3 e6 4. Nc3 Nf6 5. Bg5 Be7 6. e3 O-O 7. Rc1 Nbd7 8. Qc2
dxc4 9. Bxc4 Nb6 10. Bd3 g6 11. O-O Nbd5 12. a3 Nd7 13. Bh6 Re8 14. Ne4 N7f6 15.
Ne5 Nxe4 16. Bxe4 Bg5 17. Bxg5 Qxg5 18. Qe2 f5 19. Bd3 Qe7 20. f4 Bd7 21. Rf3
Rac8 22. Rg3 c5 23. dxc5 Nf6 24. b4 Bc6 25. Rd1 Be4 26. Bxe4 Nxe4 27. Nxg6 hxg6
28. Rxg6+ Kf7 29. Qh5 Nf6 30. Qg5 Rg8 31. Rxf6+ Qxf6 32. Rd7+ Ke8 33. Qxf6 Kxd7
34. Qf7+ Kc6 35. Qxe6+ Kb5 36. Qxf5 Rcd8 37. c6+ Kxc6 38. Qe6+ Kb5 39. Qb3 Rd2
40. Qxg8 {Black resigns} 1-0

[Event "Team 45 45 League T39"]
[Site "Internet Chess Club"]
[Date "2008.11.09"]
[Round "3"]
[White "WilmaP"]
[Black "havertown"]
[Result "0-1"]
[WhiteElo "1187"]
[BlackElo "1418"]
[Opening "Ruy Lopez: old Steinitz defense"]
[ECO "C62"]
[Time "17:29:30"]
[TimeControl "2700+45"]

1. e4 e5 2. Nf3 Nc6 3. Bb5 d6 4. c3 Nf6 5. O-O Nxe4 6. Re1 Nf6 7. d4 e4 8. Ng5
d5 9. c4 Bb4 10. Bd2 Bxd2 11. Qxd2 O-O 12. Nc3 dxc4 13. Bxc6 bxc6 14. Ncxe4 Nxe4
15. Nxe4 Bf5 16. Ng3 Bd3 17. Qc3 Qd5 18. Re5 Qd6 19. Ne4 Qg6 20. Nc5 Rfe8 21.
Rae1 f6 22. Re6 Bf5 23. Rxc6 Rxe1+ 24. Qxe1 Re8 25. Qc1 Be4 26. Nxe4 Qxe4 27.
Qxc4+ Kh8 28. h3 Qf4 29. Qc3 Re2 30. f3 Qg3 {White resigns} 0-1

[Event "Team 45 45 League T39"]
[Site "Internet Chess Club"]
[Date "2008.11.08"]
[Round "3"]
[White "alaskauk"]
[Black "littleboo"]
[Result "1/2-1/2"]
[WhiteElo "1528"]
[BlackElo "1516"]
[Opening "Sicilian: Scheveningen variation"]
[ECO "B80"]
[Time "14:00:19"]
[TimeControl "2700+45"]

1. e4 c5 2. Nf3 e6 3. d4 cxd4 4. Nxd4 Nf6 5. Nc3 d6 6. Be3 d5 7. exd5 Nxd5 8.
Nxd5 Qxd5 9. Nb5 Qe5 10. Qd4 Qxd4 11. Bxd4 Na6 12. O-O-O b6 13. g3 Bb7 14. Rg1
f6 15. Be3 Be7 16. Nd4 Nc7 17. Bb5+ Nxb5 18. Nxb5 Kf7 19. Rge1 e5 20. f4 Bf3 21.
Rd3 Be4 22. Rd2 Bc6 23. Nc3 e4 24. Rde2 Rhd8 25. f5 g6 26. g4 gxf5 27. gxf5 Bb4
28. Bd2 Bxc3 29. Bxc3 Rg8 30. b3 Rg5 31. Rf2 Re8 32. Bd2 Rh5 33. Re3 Bd7 34. Rc3
Rxf5 35. Rxf5 Bxf5 36. Rc7+ Re7 37. Rc3 Be6 38. Kb2 f5 39. Bf4 Kf6 40. Rg3 Re8
41. a4 h5 42. c4 a5 43. Bc7 h4 44. Rg1 Ra8 45. Bxb6 f4 46. Kc3 e3 47. Rf1 Kg5
48. Rg1+ Kf5 {Game drawn by mutual agreement} 1/2-1/2

[Event "Team 45 45 League T39"]
[Site "Internet Chess Club"]
[Date "2008.11.07"]
[Round "3"]
[White "Jasher"]
[Black "medsurg"]
[Result "1-0"]
[WhiteElo "1489"]
[BlackElo "1436"]
[Opening "Ruy Lopez: Anderssen variation"]
[ECO "C77"]
[Time "21:31:06"]
[TimeControl "2700+45"]

1. e4 e5 2. Nf3 Nc6 3. Bb5 a6 4. Ba4 Nf6 5. d3 b5 6. Bb3 Be7 7. Ng5 d5 8. exd5
Nxd5 9. Qf3 Bxg5 10. Bxd5 O-O 11. Bxg5 Qxg5 12. Bxc6 Bg4 13. Qe3 Qxe3+ 14. fxe3
Rad8 15. Nd2 f5 16. h3 Bh5 17. Bf3 Bg6 18. O-O-O Bf7 19. b3 a5 20. Bc6 Rb8 21.
Nf3 Rb6 22. Nxe5 Be6 23. d4 a4 24. Nd7 Rxc6 25. Nxf8 axb3 26. d5 Rxc2+ 27. Kb1
Bf7 28. axb3 Rc3 29. Ne6 Bg6 30. Kb2 Rxe3 31. Rhe1 Rg3 32. Nf4 {Black resigns}
1-0

[Event "Team 45 45 League T39"]
[Site "Internet Chess Club"]
[Date "2008.11.09"]
[Round "3"]
[White "leomalagar"]
[Black "MateIn42"]
[Result "1-0"]
[WhiteElo "1396"]
[BlackElo "1379"]
[Opening "English: three knights system"]
[ECO "A27"]
[Time "09:25:13"]
[TimeControl "2700+45"]

1. c4 e5 2. Nc3 Nc6 3. Nf3 g6 4. g3 Bg7 5. Bg2 Nf6 6. O-O d6 7. d3 Bd7 8. Bg5
Qc8 9. Nd5 Nxd5 10. cxd5 Nb8 11. Rc1 c5 12. Nd2 Qc7 13. b4 b6 14. bxc5 bxc5 15.
Ne4 h6 16. Be3 Na6 17. f4 O-O 18. fxe5 Bxe5 19. d4 Bg7 20. dxc5 Nxc5 21. Nf6+
Kh8 22. Bxc5 dxc5 23. d6 Qd8 24. Nxd7 Qxd7 25. Bxa8 Bd4+ 26. Kg2 Rxa8 27. e3
Bxe3 28. Qd5 Rf8 29. Rb1 Qa4 30. Rxf7 Rxf7 31. Rb8+ Kg7 32. Qe5+ Rf6 33. Rb7+
Kg8 34. Qd5+ Kh8 35. Rb8+ {Black resigns} 1-0

[Event "Team 45 45 League T39"]
[Site "Internet Chess Club"]
[Date "2008.11.09"]
[Round "3"]
[White "arconia"]
[Black "malihini"]
[Result "1-0"]
[WhiteElo "1344"]
[BlackElo "1241"]
[Opening "Caro-Kann defense"]
[ECO "B10"]
[Time "20:06:02"]
[TimeControl "2700+45"]

1. e4 c6 2. Nf3 d5 3. e5 Bf5 4. Be2 e6 5. d4 c5 6. c3 cxd4 7. cxd4 Bb4+ 8. Nc3
Nc6 9. O-O f6 10. Bf4 fxe5 11. Bxe5 Nf6 12. Nh4 Bg4 13. Bxg4 Nxe5 {Black
resigns} 1-0

[Event "Team 45 45 League T39"]
[Site "Internet Chess Club"]
[Date "2008.11.10"]
[Round "3"]
[White "guyd52"]
[Black "kidcobra"]
[Result "0-1"]
[WhiteElo "1277"]
[BlackElo "1194"]
[Opening "Réti: King's Indian attack (Barcza system)"]
[ECO "A07"]
[Time "16:00:06"]
[TimeControl "2700+45"]

1. Nf3 d5 2. g3 c6 3. Bg2 Bg4 4. d3 Nf6 5. O-O e6 6. Nbd2 Bc5 7. b3 O-O 8. Bb2
Nbd7 9. c4 dxc4 10. Nxc4 Nb6 11. Nxb6 Qxb6 12. Bxf6 gxf6 13. d4 Bb4 14. a3 Bc3
15. Ra2 Bxf3 16. Bxf3 Qxd4 17. Qxd4 Bxd4 18. Rd1 Rfd8 19. e3 Be5 20. Rad2 Bc7
21. Rd7 Rac8 22. Bh5 Rf8 23. Re7 Rfd8 24. Rxd8+ Bxd8 25. Bxf7+ Kf8 26. Rxb7 Be7
27. Bxe6 Ra8 28. Rc7 Rb8 29. Rxc6 Kg7 30. Rc7 Re8 31. Rxa7 Kf8 32. a4 Kg7 33.
Bf5 Kg8 34. Bd7 Rd8 35. Be6+ Kf8 36. Bf5 Rd5 37. Bxh7 Bc5 38. Bg6 Bxa7 39. Be4
Rd2 40. h4 Rb2 41. Bd5 Kg7 42. Kg2 Bxe3 43. Kf3 Bxf2 44. h5 Kh6 45. g4 Bc5 46.
a5 Ra2 47. Kf4 Rxa5 48. Kf5 Be7 49. Ke6 Bd8 50. Kd7 Rxd5+ {White resigns} 0-1

[Event "Team 45 45 League T39"]
[Site "Internet Chess Club"]
[Date "2008.11.08"]
[Round "3"]
[White "Duck-Man"]
[Black "CoasterBrake"]
[Result "1-0"]
[WhiteElo "1205"]
[BlackElo "1247"]
[Opening "Caro-Kann defense"]
[ECO "B12"]
[Time "09:30:24"]
[TimeControl "2700+45"]

1. e4 c6 2. d4 d5 3. Bd3 dxe4 4. Bxe4 Nf6 5. Nc3 e6 6. Nf3 Bb4 7. Bg5 h6 8. Bxf6
Qxf6 9. O-O O-O 10. Re1 Nd7 11. Qd3 Rd8 12. Ne5 Kh8 13. Qg3 Bd6 14. Nxf7+ Qxf7
15. Qxd6 Rf8 16. Qg3 Nf6 17. Bg6 Qe7 18. Rad1 c5 19. Ne4 Nxe4 20. Bxe4 cxd4 21.
Qg6 Kg8 22. Qh7+ {Black resigns} 1-0

[Event "Team 45 45 League T39"]
[Site "Internet Chess Club"]
[Date "2008.11.10"]
[Round "3"]
[White "dornoch"]
[Black "bowwrestler"]
[Result "0-1"]
[WhiteElo "1017"]
[BlackElo "982"]
[Opening "Sicilian defense"]
[ECO "B40"]
[Time "13:03:36"]
[TimeControl "2700+45"]

1. e4 c5 2. Nf3 e6 3. Bb5 Nc6 4. Bxc6 dxc6 5. Nc3 Qc7 6. d4 cxd4 7. Nxd4 Bd6 8.
Nf3 Be5 9. Nxe5 Qxe5 10. Be3 c5 11. O-O Nf6 12. f3 O-O 13. Qd2 Bd7 14. g4 Rfd8
15. Bf4 Bb5 16. Bxe5 Rxd2 17. Nxb5 Rxc2 18. Bxf6 gxf6 19. Rf2 Rc4 20. b3 Rb4 21.
Nc3 c4 22. Rb1 cxb3 23. Rxb3 Rc4 24. Ne2 Rb8 25. Rf1 Rc2 26. Nf4 Rxa2 27. Rd1 b6
28. Rbd3 Kg7 29. Rd8 Rxd8 30. Rxd8 Ra1+ 31. Kg2 e5 32. Ne2 Ra2 33. Kf2 a5 34.
Ra8 b5 35. Ke3 b4 36. Nc1 Ra3+ 37. Kd2 b3 38. Rb8 b2 39. Ne2 Ra2 40. Kc2 b1=Q+
41. Kxb1 Rxe2 42. Rb2 Rxb2+ 43. Kxb2 Kg6 44. h3 f5 45. exf5+ Kg5 46. Kb3 Kh4 47.
Ka4 Kxh3 48. Kxa5 Kg3 49. g5 Kxf3 50. g6 hxg6 51. fxg6 fxg6 52. Kb4 e4 53. Kc4
e3 54. Kd4 {White resigns} 0-1

[Event "Team 45 45 League T39"]
[Site "Internet Chess Club"]
[Date "2008.11.11"]
[Round "3"]
[White "JimGaming"]
[Black "DaMelch"]
[Result "1-0"]
[WhiteElo "1286"]
[BlackElo "1218"]
[Opening "French: Steinitz variation"]
[ECO "C11"]
[Time "14:00:16"]
[TimeControl "2700+45"]

1. e4 e6 2. d4 d5 3. Nc3 Nf6 4. e5 Nfd7 5. f4 c5 6. Nb5 cxd4 7. Nf3 Nc6 8. Nfxd4
Bc5 9. Nxc6 bxc6 10. Nd6+ Bxd6 11. exd6 Nf6 12. c4 Qxd6 13. Be2 O-O 14. O-O Qc5+
15. Kh1 Ne4 16. Qe1 dxc4 17. Bf3 Nf6 18. Qc3 Ba6 19. Be3 Qb5 20. Rfc1 Nd5 21. a4
Qb4 22. Bxd5 Qxc3 23. Rxc3 cxd5 24. Bd4 Rfb8 25. Rg3 g6 26. h4 Rb3 27. Ra3 Rxa3
28. Rxa3 h5 29. g4 hxg4 30. Rg3 f5 31. Re3 Kf7 32. b4 Bc8 33. b5 a6 34. b6 Bb7
35. a5 Rc8 36. Kh2 Ke7 37. Bc3 Rc5 38. Bb4 {Black resigns} 1-0

[Event "Team 45 45 League T39"]
[Site "Internet Chess Club"]
[Date "2008.11.07"]
[Round "3"]
[White "jeffk"]
[Black "farbror"]
[Result "0-1"]
[WhiteElo "1143"]
[BlackElo "1192"]
[Opening "Philidor: Improved Hanham variation"]
[ECO "B07"]
[Time "15:00:17"]
[TimeControl "2700+45"]

1. e4 d6 2. d4 Nf6 3. Nc3 Nbd7 4. Nf3 e5 5. Bc4 Be7 6. O-O h6 7. Be3 c6 8. dxe5
dxe5 9. a3 O-O 10. b4 Re8 11. Qd2 Ng4 12. Rad1 Nxe3 13. Qxe3 Bg5 14. Nxg5 Qxg5
15. f4 exf4 16. Qxf4 Qxf4 17. Rxf4 Ne5 18. Bxf7+ Nxf7 {White resigns} 0-1

[Event "Team 45 45 League T39"]
[Site "Internet Chess Club"]
[Date "2008.11.11"]
[Round "3"]
[White "MeansToAnEnd"]
[Black "rpgrossman"]
[Result "1-0"]
[WhiteElo "1105"]
[BlackElo "1024"]
[Opening "Giuoco Pianissimo: Italian four knights variation"]
[ECO "C55"]
[Time "22:12:10"]
[TimeControl "2700+45"]

1. e4 e5 2. Nf3 Nc6 3. Bc4 Nf6 4. d3 Bc5 5. Nc3 Ng4 6. Be3 Nxe3 7. fxe3 Bxe3 8.
Qe2 Bd4 9. Nxd4 Nxd4 10. Qg4 Nxc2+ 11. Kd2 Nxa1 12. Qxg7 Rf8 13. Rxa1 Qe7 14.
Nd5 Rg8 15. Qxh7 Rxg2+ 16. Kc3 Qg5 17. Qh8+ Qg8 18. Qxg8+ Rxg8 19. Nxc7+ Kd8 20.
Nxa8 Rg2 21. Bxf7 Rxh2 22. Rg1 b6 23. Rg8+ Ke7 24. Rxc8 Kxf7 25. Rc7 Ke7 26.
Rxa7 Kd6 27. Nxb6 Kc6 28. Nxd7 Rh7 29. Nxe5+ {Black resigns} 1-0

[Event "Team 45 45 League T39"]
[Site "Internet Chess Club"]
[Date "2008.11.08"]
[Round "3"]
[White "KingOfHearts"]
[Black "fuzzface"]
[Result "1-0"]
[WhiteElo "1297"]
[BlackElo "1315"]
[Opening "Sicilian defense"]
[ECO "B40"]
[Time "09:00:13"]
[TimeControl "2700+45"]

1. e4 c5 2. Nf3 e6 3. Nc3 a6 4. a4 Nc6 5. Bc4 Bd6 6. O-O Nf6 7. Re1 e5 8. d3 h6
9. Ne2 Nd4 10. Nexd4 cxd4 11. Bd2 Qb6 12. c3 O-O 13. cxd4 Ng4 14. h3 Nxf2 15.
Kxf2 exd4 16. e5 Be7 17. Kg1 d6 18. Kh1 Kh8 19. Qc1 dxe5 20. Rxe5 Qf6 21. Qe1
Bxh3 22. Rxe7 Bg4 23. Qe4 Bxf3 24. gxf3 Qd6 25. Qe5 Qg6 26. Rg1 Qf6 27. Qxf6
gxf6 28. Bxh6 Rg8 29. Bxf7 Rxg1+ 30. Kxg1 Rc8 31. Rxb7 Rc1+ 32. Bxc1 {Black
resigns} 1-0

[Event "Team 45 45 League T39"]
[Site "Internet Chess Club"]
[Date "2008.11.10"]
[Round "3"]
[White "ffplayer"]
[Black "The-Capitalist"]
[Result "0-1"]
[WhiteElo "1130"]
[BlackElo "1187"]
[Opening "QGD Slav defense"]
[ECO "D43"]
[Time "21:30:10"]
[TimeControl "2700+45"]

1. d4 d5 2. c4 c6 3. Nc3 Nf6 4. Bg5 e6 5. Nf3 h6 6. Bh4 dxc4 7. a3 Bd6 8. e4 g5
9. e5 gxh4 10. Nxh4 Bxe5 11. dxe5 Qxd1+ 12. Rxd1 Nd5 13. Bxc4 Nxc3 14. bxc3 b5
15. Be2 O-O 16. O-O Nd7 17. Nf3 Nc5 18. c4 Ba6 19. cxb5 Bxb5 20. Bxb5 cxb5 21.
Nd4 a6 22. f4 Rac8 23. Nc2 f6 24. exf6 Rxf6 25. g3 Rff8 26. Nb4 a5 27. Nd3 Nxd3
28. Rxd3 Rfd8 29. Rb3 Rc5 30. Re1 Rd2 31. Rxe6 Rc1+ 32. Re1 Rxe1# {White
checkmated} 0-1